Map: Ruins of Seras

Players

MorroW - Winner!

  • Race: Protoss Protoss
  • League: Master

relmer

  • Race: Protoss Protoss
  • League: Master

Event: DreamHack ZOWIE Open Leipzig

VOD

Have the link to the VOD?

Description

Time

  • Played on: Jan. 22, 2016, 9:33 a.m.
  • Length: 11:31

All games in this series

Show
View Real Time Build Order
Export as new Build Order

MorroW Protoss - Winner!

Build Orders: Nexus First 

Get SALT Encoding   

  12  0:01  Probe (Chrono Boost)  
  13  0:11  Probe (Chrono Boost)  
  14  0:18  Pylon  
  14  0:22  Probe (Chrono Boost)  
  15  0:36  Probe (Chrono Boost)  
  16  0:47  Probe (Chrono Boost)  
  17  0:58  Nexus  
  17  1:07  Gateway  
  17  1:12  Probe (Chrono Boost)  
  17  1:16  Assimilator  
  18  1:22  Probe (Chrono Boost)  
  18  1:25  Assimilator  
  19  1:33  Probe (Chrono Boost)  
  20  1:43  Probe (Chrono Boost)  
  20  1:44  Gateway  
  21  1:55  Cybernetics Core, Probe (Chrono Boost)  
  22  2:06  Probe (Chrono Boost)  
  23  2:10  Probe (Chrono Boost)  
  24  2:16  Probe (Chrono Boost)  
  24  2:20  Probe (Chrono Boost)  
  26  2:27  Probe (Chrono Boost)  
  27  2:31  Probe (Chrono Boost)  
  27  2:32  Adept x2 (Chrono Boost)  
  27  2:33  Warp Gate  
  32  2:38  Mothership Core (Chrono Boost)  
  32  2:42  Probe  
  35  2:50  Pylon  
  35  2:54  Probe (Chrono Boost)  
  36  2:59  Probe (Chrono Boost)  
  37  3:07  Probe (Chrono Boost)  
  37  3:08  Adept x2 (Chrono Boost)  
  37  3:09  Probe  
  43  3:17  Pylon  
  43  3:18  Pylon  
  43  3:21  Probe  
  43  3:22  Probe  
  45  3:33  Probe  
  46  3:35  Probe  
  47  3:45  Twilight Council  
  47  3:46  Probe  
  47  3:47  Probe  
  49  3:58  Probe  
  49  3:59  Probe  
  49  4:00  Twilight Council  
  51  4:05  Assimilator  
  49  4:10  Probe, Assimilator  
  49  4:11  Probe  
  55  4:22  Probe  
  55  4:23  Probe  
  57  4:26  Pylon  
  53  4:32  Blink (Chrono Boost)  
  53  4:33  Gateway  
  53  4:34  Probe, Gateway  
  53  4:35  Probe  
  55  4:39  Adept x2  
  56  4:46  Probe  
  56  4:47  Probe  
  57  4:58  Probe  
  59  5:00  Stalker x2, Probe  
  62  5:10  Probe (Chrono Boost)  
  62  5:12  Probe (Chrono Boost)  
  63  5:19  Pylon  
  63  5:22  Probe (Chrono Boost)  
  63  5:24  Probe (Chrono Boost)  
  63  5:28  Nexus  
  65  5:29  Pylon  
  65  5:33  Probe (Chrono Boost)  
  65  5:34  Probe (Chrono Boost)  
  67  5:35  Forge  
  67  5:37  Stalker x2  
  71  5:44  Probe (Chrono Boost)  
  71  5:45  Probe (Chrono Boost)  
  69  5:53  Stalker x2  
  69  5:54  Probe (Chrono Boost)  
  69  5:56  Probe (Chrono Boost)  
  75  6:05  Probe (Chrono Boost)  
  75  6:06  Probe (Chrono Boost)  
  75  6:09  Gateway  
  75  6:10  Gateway  
  77  6:11  Protoss Ground Weapons Level 1  
  77  6:13  Gateway  
  77  6:14  Gateway  
  77  6:18  Pylon  
  77  6:28  Probe x2 (Chrono Boost)  
  79  6:35  Stalker x3  
  79  6:36  Stalker  
  79  6:37  Pylon  
  87  6:40  Pylon  
  87  6:44  Probe (Chrono Boost)  
  87  6:45  Probe x2 (Chrono Boost), Pylon  
  90  7:04  Stalker  
  90  7:05  Stalker x3  
  98  7:14  Zealot x2  
  98  7:15  Probe (Chrono Boost), Zealot x2  
  102  7:16  Probe (Chrono Boost)  
  102  7:28  Robotics Facility  
  102  7:29  Probe x3 (Chrono Boost), Robotics Facility, Assimilator  
  103  7:30  Assimilator  
  103  7:31  Stargate  
  103  7:33  Adept  
  103  7:34  Adept  
  107  7:38  Sentry x2  
  107  7:42  Probe x2 (Chrono Boost), Adept  
  107  7:43  Adept  
  115  7:53  Probe x3 (Chrono Boost)  
  112  8:00  Stalker x4  
  118  8:11  Probe x2 (Chrono Boost)  
  120  8:17  Immortal x2 (Chrono Boost)  
  120  8:19  Oracle  
  126  8:26  Robotics Bay  
  129  8:29  Protoss Ground Weapons Level 2 (Chrono Boost)  
  127  8:35  Photon Cannon  
  127  8:37  Photon Cannon  
  121  8:51  Stalker x4  
  121  8:52  Stalker x2  
  132  9:10  Pylon x2  
  132  9:23  Immortal  
  132  9:24  Pylon  
  132  9:25  Pylon  
  132  9:26  Immortal, Pylon  
  132  9:29  Pylon x3  
  136  9:33  Nexus  
  136  9:40  Charge (Chrono Boost)  
  136  9:45  Sentry x2  
  140  9:46  Stalker x2  
  140  9:47  Stalker  
  146  10:05  Zealot  
  147  10:07  Zealot  
  147  10:08  Disruptor (Chrono Boost)  
  147  10:10  Disruptor (Chrono Boost)  
  153  10:15  Stalker x4  
  153  10:17  Nexus  
  153  10:19  Oracle  
  160  10:39  Stalker x2  
  160  10:40  Stalker x4  
  169  10:52  Disruptor (Chrono Boost)  
  169  10:53  Disruptor (Chrono Boost)  
  169  10:54  Nexus  
  164  11:19  Stalker x8  
Show
View Real Time Build Order
Export as new Build Order

relmer Protoss 

Build Orders: Oracle Opening 

Get SALT Encoding   

  12  0:01  Probe (Chrono Boost)  
  13  0:11  Probe (Chrono Boost)  
  14  0:20  Pylon  
  14  0:23  Probe (Chrono Boost)  
  15  0:38  Probe (Chrono Boost)  
  16  0:49  Probe (Chrono Boost)  
  17  0:59  Probe (Chrono Boost)  
  18  1:07  Nexus  
  18  1:12  Gateway  
  18  1:17  Assimilator  
  18  1:24  Assimilator  
  18  1:26  Probe (Chrono Boost)  
  19  1:36  Probe (Chrono Boost)  
  20  1:42  Gateway  
  21  1:47  Probe (Chrono Boost)  
  21  1:54  Pylon  
  21  1:57  Probe (Chrono Boost)  
  22  2:03  Cybernetics Core  
  22  2:08  Probe (Chrono Boost)  
  23  2:18  Probe (Chrono Boost)  
  25  2:23  Probe (Chrono Boost)  
  25  2:29  Probe (Chrono Boost)  
  26  2:35  Probe (Chrono Boost)  
  27  2:39  Probe (Chrono Boost)  
  27  2:43  Adept (Chrono Boost), Stargate  
  30  2:44  Adept (Chrono Boost)  
  32  2:52  Probe  
  32  2:58  Probe  
  34  3:04  Probe  
  34  3:06  Pylon  
  34  3:07  Warp Gate  
  34  3:10  Probe  
  34  3:12  Adept x2 (Chrono Boost)  
  39  3:24  Pylon  
  39  3:28  Oracle (Chrono Boost)  
  40  3:37  Probe  
  40  3:41  Adept  
  41  3:42  Probe  
  41  3:44  Adept  
  46  3:54  Probe  
  49  3:56  Mothership Core (Chrono Boost)  
  49  4:01  Assimilator  
  49  4:06  Probe (Chrono Boost), Assimilator  
  50  4:13  Twilight Council  
  51  4:17  Probe x2 (Chrono Boost)  
  52  4:26  Robotics Facility  
  52  4:27  Pylon  
  52  4:28  Probe (Chrono Boost)  
  52  4:29  Probe (Chrono Boost)  
  54  4:33  Gateway  
  54  4:38  Probe (Chrono Boost)  
  54  4:42  Probe (Chrono Boost)  
  56  4:49  Probe (Chrono Boost)  
  55  4:55  Probe (Chrono Boost)  
  57  5:00  Probe (Chrono Boost)  
  57  5:04  Nexus  
  57  5:07  Probe (Chrono Boost)  
  57  5:10  Probe (Chrono Boost), Immortal  
  57  5:13  Blink (Chrono Boost)  
  57  5:28  Gateway  
  57  5:29  Gateway  
  57  5:32  Stalker x2  
  61  5:41  Gateway  
  60  5:42  Probe  
  60  5:46  Immortal  
  60  5:51  Pylon  
  60  5:54  Probe  
  65  6:03  Stalker, Pylon  
  65  6:04  Sentry  
  69  6:12  Pylon  
  69  6:14  Probe, Pylon  
  72  6:20  Warp Prism  
  73  6:29  Gateway  
  73  6:30  Gateway  
  72  6:39  Stalker x2  
  76  6:40  Stalker  
  76  6:44  Gateway  
  78  6:51  Probe  
  78  6:52  Probe  
  78  6:53  Probe  
  81  7:02  Stalker x2  
  81  7:03  Stalker  
  81  7:04  Probe  
  88  7:09  Probe  
  88  7:15  Immortal  
  87  7:17  Stalker x2  
  87  7:26  Stalker x2  
  91  7:34  Stalker x2  
  95  7:37  Probe  
  95  7:38  Probe x2  
  95  7:40  Sentry  
  95  7:43  Sentry  
  95  7:44  Sentry  
  104  7:50  Stalker x2  
  108  7:59  Probe  
  108  8:01  Probe  
  107  8:09  Stalker x5  
  114  8:15  Probe  
  114  8:16  Probe x2  
  110  8:25  Probe  
  107  8:28  Probe x2, Adept  
  109  8:36  Probe, Adept  
  109  8:40  Probe  
  113  8:41  Assimilator  
  113  8:43  Assimilator  
  113  8:46  Adept x2  
  116  8:56  Stalker  
  116  9:01  Forge  
  111  9:20  Stalker x4  
  111  9:23  Probe x3  
  113  9:34  Stalker x2  
  117  9:57  Nexus, Pylon  
  117  9:58  Pylon x2  
  117  10:01  Observer  
  114  10:08  Stalker  
  114  10:12  Robotics Bay  
  116  10:28  Probe, Zealot x2  
  120  10:29  Probe  
  120  10:30  Probe  
  123  10:41  Stalker x4  
  129  10:47  Robotics Facility  
  129  11:00  Stalker x3  
  93  11:23  Stalker x4  
  85  11:27  Stalker  

Tags
 
Add a new tag
Caveats
  • Supply blocks, unpowered buildings, or Contaminate may cause inaccurate times.
  • Supply counts are checked every 10 seconds.